 Dungeon Crawl Stone Soup version 0.25.1-2-g60ff931df9 (webtiles) character file.

Game seed: 7579189331240480681

483 DerDa the Stinger (level 7, -3/46 HPs)
             Began as a Formicid Venom Mage on Sept 26, 2020.
             Slain by a centaur (8 damage)
             ... on level 4 of the Dungeon.
             The game lasted 00:09:42 (4179 turns).

DerDa the Stinger (Formicid Venom Mage)             Turns: 4179, Time: 00:09:42

Health: -3/46      AC:  2    Str: 12    XL:     7   Next: 34%
Magic:  2/14       EV: 12    Int: 17    God:
Gold:   108        SH:  0    Dex: 13    Spells: 2/15 levels left

rFire    . . .     SeeInvis +   i - +1 dagger (venom)
rCold    . . .     Gourm    .   (no shield)
rNeg     . . .     Faith    .   a - +0 robe
rPois    .         Spirit   .   (helmet unavailable)
rElec    .         Reflect  .   f - scarf {repulsion}
rCorr    .         Harm     .   (no gloves)
MR       .....                  (no boots)
Stlth    ++........             (no amulet)
HPRegen  0.15/turn              (no ring)
MPRegen  0.14/turn              (no ring)

@: repel missiles
A: permanent stasis, dig shafts and tunnels, four strong arms, antennae 3,
hooves 1, agile 1
a: Dig, Shaft Self


You were on level 4 of the Dungeon.
You were not hungry.

You visited 1 branch of the dungeon, and saw 4 of its levels.

You collected 108 gold pieces.

Inventory:

Hand Weapons
 b - a +0 club
 i - a +1 dagger of venom (weapon)
 r - a +0 hunting sling
Missiles
 h - 123 stones (quivered)
 o - 13 bolts
 q - 21 sling bullets
 s - 15 arrows
Armour
 a - a +0 robe (worn)
 f - a scarf of repulsion (worn)
Scrolls
 e - 4 scrolls of remove curse {unknown}
 j - a scroll of fear {unknown}
 k - a scroll of immolation {unknown}
 m - 3 scrolls of identify {unknown}
 p - 2 scrolls of noise {unknown}
 t - a scroll of fog {unknown}
 v - a scroll of enchant armour {unknown}
Potions
 g - a potion of haste {unknown}
 l - 2 potions of curing
 n - a potion of heal wounds {unknown}
Comestibles
 c - 4 rations
 u - 4 chunks of flesh


   Skills:
 - Level 1.7 Dodging
 - Level 2.4 Stealth
 * Level 4.7 Spellcasting
 + Level 3.2 Transmutations
 + Level 2.0 Air Magic
 * Level 6.8 Poison Magic


You had 2 spell levels left.
You knew the following spells:

 Your Spells              Type           Power        Failure   Level  Hunger
a - Sting                 Tmut/Pois      ###.         1%          1    None
b - Mephitic Cloud        Conj/Pois/Air  ##......     13%         3    ###....
c - Ignite Poison         Fire/Tmut/Pois ###.....     11%         3    ###....
d - Olgreb's Toxic Radia  Pois           ####....     9%          4    ####...
u - Poisonous Vapours     Pois/Air       ###...       3%          2    #......

Your spell library contained the following spells:

 Spells                   Type           Power        Failure   Level  Hunger


Dungeon Overview and Level Annotations

Branches:
Dungeon (4/15)
 Temple: D:4-7

Altars:
Makhleb
Xom
The Shining One

Annotations:
D:2 exclusion: phantom


Innate Abilities, Weirdness & Mutations

You cannot be hasted, slowed, berserked, paralysed or teleported.
You can dig through walls and to a lower floor.
Your four strong arms can wield two-handed weapons with a shield.
You have a pair of large antennae on your head. (SInv)
You have large cloven feet.
You are agile. (Dex +2)


Message History

The centaur barely misses you.
It was a potion of mutation.
You feel extremely strange.
You feel agile.
Your feet thicken and deform.
The centaur hits you.
* * * LOW HITPOINT WARNING * * *
It was a potion of curing.
You feel better. The centaur hits you.
* * * LOW HITPOINT WARNING * * *
The centaur hits you.
* * * LOW HITPOINT WARNING * * *
You feel better. The centaur hits you.
* * * LOW HITPOINT WARNING * * *
Casting: Sting (safe; 1% risk of failure)
Confirm with . or Enter, or press ? or * to list all spells.
Aiming: Sting (safe; 1% risk of failure)
Press: ? - help, Shift-Dir - straight line, f/p - centaur
Aim: a centaur, quivering 18 arrows (heavily wounded, very poisoned)
The sting hits the centaur.
The centaur looks as sick as possible!
The centaur is heavily wounded.
The centaur hits you!
You die...

#.....#
###...##
##...###
#.#...#
#.###.# #.#
#.## .###.#
#..#
......###.##
##.c@...#
###.#>(#
#(######
#......#
#.(....#
#...$..#
#......#
#......#
...#####


You could see a centaur (extremely poisoned).

Vanquished Creatures
  Sigmund (D:3)
  A hound (D:4)
  3 iron imps (D:3)
  Natasha (twice) (D:3)
  An iguana (D:2)
  A worker ant (D:2)
  4 adders
  4 dart slugs
  4 leopard geckos
  2 orcs (D:3)
  6 bats
  3 giant cockroaches
  8 goblins
  5 hobgoblins
  4 jackals (D:1)
  9 kobolds
  2 quokkas (D:2)
  2 frilled lizards (D:2)
  5 rats
67 creatures vanquished.

Notes
Turn   | Place    | Note
-------+----------+-------------------------------------------
     0 | D:1      | DerDa the Formicid Venom Mage began the quest for the Orb.
     0 | D:1      | Reached XP level 1. HP: 13/13 MP: 3/3
   328 | D:1      | Reached XP level 2. HP: 17/19 MP: 0/5
   572 | D:1      | Learned a level 2 spell: Poisonous Vapours
  1158 | D:2      | Reached XP level 3. HP: 24/24 MP: 0/7
  1413 | D:2      | Reached skill level 5 in Poison Magic
  1413 | D:2      | Reached XP level 4. HP: 25/30 MP: 0/8
  1724 | D:2      | Noticed a phantom
  1894 | D:2      | Reached XP level 5. HP: 35/35 MP: 0/10
  2060 | D:2      | Learned a level 3 spell: Mephitic Cloud
  2064 | D:2      | Learned a level 3 spell: Ignite Poison
  2109 | D:2      | Found a shimmering altar of Xom.
  2222 | D:2      | Reached skill level 1 in Air Magic
  2667 | D:3      | Found a glowing golden altar of the Shining One.
  2844 | D:3      | Noticed Natasha
  2851 | D:3      | Killed Natasha
  2868 | D:3      | Found a burning altar of Makhleb.
  2899 | D:3      | Reached XP level 6. HP: 11/41 MP: 4/11
  3155 | D:3      | Noticed Natasha
  3163 | D:3      | Killed Natasha
  3163 | D:3      | Reached skill level 6 in Poison Magic
  3696 | D:3      | Noticed Sigmund
  3706 | D:3      | Killed Sigmund
  3706 | D:3      | Reached XP level 7. HP: 41/46 MP: 2/13
  3930 | D:3      | Learned a level 4 spell: Olgreb's Toxic Radiance
  4176 | D:4      | Gained mutation: You are agile. (Dex +2) [potion of
                  | mutation]
  4176 | D:4      | Gained mutation: You have large cloven feet. [potion of
                  | mutation]
  4177 | D:4      | HP: 1/46 [centaur (4)]
  4179 | D:4      | Slain by a centaur

Illustrated notes

Levels and vault maps discovered:
D:1:      beargit_arrival_greenhouse, layout_basic
D:2:      minmay_alternating_diamond, layout_basic, xom_butterflies
D:3:      layout_basic, demons_altar, nicolae_tso_carved_into_rock,
          uniq_natasha, uniq_sigmund
D:4:      layout_rooms, chequers_temple_overflow_statue_of_worship,
          nicolae_overflow_crystal_walls, minitemple, first_ration

Skill      XL: |  1  2  3  4  5  6  7 |
---------------+----------------------+-----
Spellcasting   | 3 4 |  4.7
Transmutations | 2 3 |  3.2
Poison Magic   | 5 6 |  6.8
Air Magic      | 1 2 |  2.0
Dodging        | |  1.7
Stealth        | |  2.4

Action                   |  1- 3 |  4- 6 |  7- 9 || total
-------------------------+-------+-------+-------++-------
Melee: Club              |    21 |     2 |       ||    23
       Dagger            |       |    13 |     5 ||    18
 Cast: Sting             |    36 |    55 |    13 ||   104
       Poisonous Vapours |     1 |    36 |     4 ||    41
  Use: Potion            |       |       |     3 ||     3
  Eat: Chunk             |     2 |     8 |     2 ||    12
Armor: Robe              |     7 |     2 |       ||     9
Dodge: Dodged            |    32 |    18 |     8 ||    58
       Repelled          |       |     3 |     5 ||     8
